 Dungeon Crawl Stone Soup version 0.30.1 (webtiles) character file.

Game seed: 415639387827501162

4362 GimliDwarf the Nimble (level 10, 0/74 HPs)
             Began as a Gnoll Wanderer on July 12, 2023.
             Slain by a vampire
             ... wielding a staff of cold
              (1 damage)
             ... on level 7 of the Dungeon.
             The game lasted 00:21:36 (6641 turns).

GimliDwarf the Nimble (Gnoll Wanderer)              Turns: 6641, Time: 00:21:36

Health: 0/74       AC: 12    Str:  8    XL:     10   Next: 34%
Magic:  15/18      EV: 19    Int:  7    God:
Gold:   449        SH:  0    Dex: 24    Spells: 16/19 levels left

rFire   . . .        v - +4 dagger (protect)
rCold   . . .        (no shield)
rNeg    . . .        c - +2 leather armour
rPois   .            e - +2 helmet
rElec   .            (no cloak)
rCorr   .            (no gloves)
SInv    .            x - +2 pair of boots
Will    .....        (no amulet)
Stlth   +            (no ring)
HPRegen 0.32/turn    (no ring)
MPRegen 0.16/turn

%: no passive effects
@: confused
A: fangs 1, strong nose, distributed training
a: no special abilities


You were on level 7 of the Dungeon.
You visited 2 branches of the dungeon, and saw 8 of its levels.
You also visited: Sewer.

You collected 449 gold pieces.

Inventory:

Hand Weapons
 a - a +5 short sword
 v - a +4 dagger of protection (weapon)
 y - a +4 trident
Missiles
 b - 2 throwing nets (quivered)
 B - 2 atropa-tipped darts
Armour
 c - a +2 leather armour (worn)
 e - a +2 helmet (worn)
 i - a +0 troll leather armour
 x - a +2 pair of boots (worn)
Jewellery
 m - a ring of fire
Wands
 r - a wand of flame (11)
 u - a wand of digging (5)
Scrolls
 d - a scroll of fog
 f - a scroll of butterflies
 h - 3 scrolls of teleportation
 k - a scroll of identify
 l - a scroll of brand weapon {unknown}
 o - a scroll of fear
Potions
 g - a potion of might
 j - 3 potions of curing
 n - 3 potions of cancellation
 p - 3 potions of ambrosia


   Skills:
 + Level 5.4 Fighting
 + Level 8.6 Short Blades
 + Level 5.4 Long Blades
 + Level 5.4 Axes
 + Level 5.4 Maces & Flails
 + Level 5.4 Polearms
 + Level 5.4 Staves
 + Level 5.4 Ranged Weapons
 + Level 7.1 Throwing
 + Level 6.0 Armour
 + Level 10.1 Dodging
 + Level 5.4 Stealth
 + Level 5.4 Shields
 + Level 5.4 Unarmed Combat
 + Level 5.4 Spellcasting
 + Level 4.4 Conjurations
 + Level 4.4 Hexes
 + Level 4.4 Summonings
 + Level 4.4 Necromancy
 + Level 4.4 Translocations
 + Level 4.4 Transmutations
 + Level 4.4 Fire Magic
 + Level 4.4 Ice Magic
 + Level 4.4 Air Magic
 + Level 4.4 Earth Magic
 + Level 4.4 Poison Magic
 + Level 5.9 Invocations
 + Level 5.4 Evocations


You had 16 spell levels left.
You knew the following spells:

 Your Spells              Type           Power      Damage    Failure   Level
a - Frozen Ramparts       Ice            16%        1d3       19%         3

Your spell library contained the following spells:

 Spells                   Type           Power      Damage    Failure   Level
 Apportation              Tloc           16%        N/A       6%          1
 Freeze                   Ice            32%        1d5       6%          1
 Hailstorm                Conj/Ice       8%         3d4       19%         3
 Passage of Golubria      Tloc           8%         N/A       52%         4
 Alistair's Intoxication  Tmut/Pois      5%         N/A       86%         5
 Silence                  Hex/Air        4%         N/A       86%         5
 Summon Forest            Summ/Tloc      4%         N/A       86%         5
 Eringya's Noxious Bog    Tmut/Pois      4%         N/A       100%        6
 Summon Hydra             Summ           4%         N/A       100%        7
 Lehudib's Crystal Spear  Conj/Erth      4%         10d3      100%        8


Dungeon Overview and Level Annotations

Branches:
Dungeon (7/15)             Temple (1/1) D:4           Sewer (visited)

Altars:
Ashenzari
Cheibriados
Fedhas
Hepliaklqana
Kikubaaqudgha
Okawaru
Ru
Sif Muna
Trog
Uskayaw
Vehumet
Wu Jian
Xom
Yredelemnul
The Shining One

Shops:
D:1 =   D:2 [   D:4 =


Innate Abilities, Weirdness & Mutations

You have very sharp teeth.
Your uncanny sense of smell can sniff out nearby items.
Your experience applies equally to all skills.


Message History

The wall freezes the water moccasin.
The water moccasin seems to slow down.
The wall freezes the vampire but does no damage.
The vampire hits you with a staff of cold!
* * * LOW HITPOINT WARNING * * *
The vampire barely misses you.
The wall freezes the water moccasin.
Your frozen ramparts will break if you move.
Continue?
The frozen ramparts melt away as you move.
Your magical contamination has completely faded away.
You feel much better.
You feel less confused. The vampire casts a spell at you.
You resist with some effort.
Aiming: Throw Flame
Press: ? - help, Shift-Dir - straight line, f - vampire
Aim: a vampire, wielding a staff of cold (heavily damaged, 74% to hit)
The puff of flame hits the vampire but does no damage.
The vampire is heavily damaged.
The water moccasin is no longer moving slowly.
The vampire draws life force from you!
* * * LOW HITPOINT WARNING * * *
The vampire is healed by the life force!
The vampire attacks as you move away! The vampire misses you.
The vampire bites you.
* * * LOW HITPOINT WARNING * * *
The vampire draws strength from your injuries!
The vampire mumbles some strange words.
The vampire flickers and vanishes!
Deactivating autopickup; reactivate with Ctrl-A.
An orc comes into view. It is wielding a +0 falchion.
You hear some strange, mumbled words.
You are confused.
There is a stone staircase leading up here.
In your confused state, you trip and fall back down the stairs.
* * * LOW HITPOINT WARNING * * *
Something hits you.
* * * LOW HITPOINT WARNING * * *
Something freezes you!
* * * LOW HITPOINT WARNING * * *
Something bites you.
You die...

#.##.# #.###.###.#
##'##.####.........# ##
##...#......##.###### .#
##.....########.# #.# ##.......##
##..# ..# ##
##.........####..o#########.#...#
.'.........'......S..S...........
##.........####...###.###.#####.#
##.......## ##@.# #.# ##..#
##.....## ##.# #.##..#.# ##...##
#.# #..#.. #.8 ##+## #.# #.#.#.
#.8. #.# #.# #.#..## 8.8. #.# #.#
#.###J### #.# ##.## #.# #.###...#
... ##...## #.# #.##..#V##..h
####.....# ..# #....#..J.∆#J


You could see a water moccasin and an orc.

Vanquished Creatures
  Pikel (D:4)
  An ugly thing (D:7)
  A troll (D:7)
  A slime creature (D:7)
  4 water moccasins
  An orc warrior (D:6)
  3 ice beasts
  2 sky beasts (D:6)
  2 ogres
  A phantom (D:6)
  2 lemures
  2 bullfrogs
  A gnoll sergeant (D:7)
  6 scorpions
  10 wights
  2 howler monkeys (D:7)
  2 jellies
  3 orc priests
  A gnoll bouda (D:5)
  5 hounds
  3 sleepcaps
  2 orc wizards (D:2)
  Ijyb (D:3)
  2 iguanas (D:7)
  6 adders
  10 gnolls
  A river rat (D:5)
  2 shadow imps
  2 white imps
  3 worms
  A dart slug (D:1)
  17 orcs
  6 ball pythons
  7 endoplasms
  2 giant cockroaches (D:4)
  13 goblins
  10 hobgoblins
  3 jackals (D:3)
  2 quokkas
  10 bats
  6 kobolds
  5 rats (D:5)
165 creatures vanquished.

Vanquished Creatures (others)
  An orc (D:2)
1 creature vanquished.

Grand Total: 166 creatures vanquished

Notes
Turn   | Place    | Note
-------+----------+-------------------------------------------
     0 | D:1      | GimliDwarf the Gnoll Wanderer began the quest for the Orb.
     0 | D:1      | GimliDwarf set off with the following items: a +0 short
                  | sword, 4 throwing nets, a +0 leather armour, a scroll of
                  | fog, a potion of berserk rage.
     0 | D:1      | Reached XP level 1. HP: 13/13 MP: 1/1
   145 | D:1      | Reached XP level 2. HP: 19/19 MP: 2/2
   192 | D:1      | Found Joshell's Jewellery Shoppe.
   319 | D:1      | Reached XP level 3. HP: 25/25 MP: 3/3
   748 | D:2      | Reached skill level 1 in Invocations
   793 | D:2      | Reached skill level 1 in Fighting
   793 | D:2      | Reached skill level 1 in Long Blades
   793 | D:2      | Reached skill level 1 in Axes
   793 | D:2      | Reached skill level 1 in Maces & Flails
   793 | D:2      | Reached skill level 1 in Polearms
   793 | D:2      | Reached skill level 1 in Staves
   793 | D:2      | Reached skill level 1 in Ranged Weapons
   793 | D:2      | Reached skill level 1 in Stealth
   793 | D:2      | Reached skill level 1 in Shields
   793 | D:2      | Reached skill level 1 in Unarmed Combat
   793 | D:2      | Reached skill level 1 in Spellcasting
   793 | D:2      | Reached skill level 1 in Evocations
   793 | D:2      | Reached XP level 4. HP: 30/32 MP: 5/5
   820 | D:2      | Reached skill level 1 in Conjurations
   820 | D:2      | Reached skill level 1 in Hexes
   820 | D:2      | Reached skill level 1 in Summonings
   820 | D:2      | Reached skill level 1 in Necromancy
   820 | D:2      | Reached skill level 1 in Translocations
   820 | D:2      | Reached skill level 1 in Transmutations
   820 | D:2      | Reached skill level 1 in Fire Magic
   820 | D:2      | Reached skill level 1 in Ice Magic
   820 | D:2      | Reached skill level 1 in Air Magic
   820 | D:2      | Reached skill level 1 in Earth Magic
   820 | D:2      | Reached skill level 1 in Poison Magic
   952 | D:2      | Found Quugaucer's Antique Armour Boutique.
  1160 | D:2      | Got the Precepts of the Blink Frog
  1533 | D:3      | Identified the +0 scale mail of Fuorchim {Harm +Blink Will+
                  | Int-2}
  1545 | D:3      | Reached XP level 5. HP: 35/37 MP: 7/7
  1698 | D:3      | Noticed Ijyb
  1764 | D:3      | Killed Ijyb
  2310 | D:4      | Reached skill level 5 in Throwing
  2310 | D:4      | Reached XP level 6. HP: 37/44 MP: 7/9
  2484 | D:4      | Noticed Pikel
  2668 | D:4      | Killed Pikel
  2669 | D:4      | Reached skill level 9 in Dodging
  2669 | D:4      | Reached XP level 7. HP: 51/51 MP: 9/11
  2704 | D:4      | Found a broken altar of Ashenzari.
  2708 | D:4      | Saw a vision of the Shoals and the Snake Pit.
  2708 | D:4      | Noticed a black mamba
  2708 | D:4      | Noticed a black mamba
  2708 | D:4      | Noticed a naga warrior
  2708 | D:4      | Noticed a naga sharpshooter
  2708 | D:4      | Noticed a merfolk
  2708 | D:4      | Noticed a wind drake
  2708 | D:4      | Noticed a merfolk
  2708 | D:4      | Noticed a harpy
  2708 | D:4      | Noticed a snapping turtle
  2708 | D:4      | Noticed a wind drake
  2709 | D:4      | Noticed a skyshark
  2709 | D:4      | Noticed a black mamba
  2710 | D:4      | Noticed a black mamba
  2765 | D:4      | Found a staircase to the Ecumenical Temple.
  2785 | Temple   | Entered the Ecumenical Temple
  3004 | D:4      | Found Jyl Pevu's Jewellery Boutique.
  3050 | D:4      | Found a snail-covered altar of Cheibriados.
  3166 | D:5      | Entered Level 5 of the Dungeon
  3182 | D:5      | Found a glowing drain.
  3231 | Sewer    | Entered a sewer
  3284 | Sewer    | Reached XP level 8. HP: 58/58 MP: 12/12
  3460 | D:5      | Identified the amulet of Knowledge {Acrobat Harm}
  3809 | D:5      | Found a radiant altar of Vehumet.
  4205 | D:6      | Found a blossoming altar of Fedhas.
  4261 | D:6      | Found an iron altar of Okawaru.
  4357 | D:6      | Reached XP level 9. HP: 65/65 MP: 14/14
  4410 | D:6      | Found a shimmering blue altar of Sif Muna.
  4553 | D:6      | Reached skill level 5 in Armour
  5339 | D:7      | Reached skill level 5 in Invocations
  5842 | D:7      | Found a hide-covered altar of Uskayaw.
  5842 | D:7      | Found a bloodstained altar of Trog.
  6248 | D:7      | Reached skill level 5 in Fighting
  6248 | D:7      | Reached skill level 5 in Long Blades
  6248 | D:7      | Reached skill level 5 in Axes
  6248 | D:7      | Reached skill level 5 in Maces & Flails
  6248 | D:7      | Reached skill level 5 in Polearms
  6248 | D:7      | Reached skill level 5 in Staves
  6248 | D:7      | Reached skill level 5 in Ranged Weapons
  6248 | D:7      | Reached skill level 5 in Stealth
  6248 | D:7      | Reached skill level 5 in Shields
  6248 | D:7      | Reached skill level 5 in Unarmed Combat
  6248 | D:7      | Reached skill level 5 in Spellcasting
  6248 | D:7      | Reached skill level 5 in Evocations
  6248 | D:7      | Reached XP level 10. HP: 74/74 MP: 17/17
  6248 | D:7      | Noticed a purple ugly thing
  6255 | D:7      | Learned a level 3 spell: Frozen Ramparts
  6258 | D:7      | Noticed a two-headed ogre
  6262 | D:7      | Noticed a cyclops
  6263 | D:7      | Reached skill level 10 in Dodging
  6323 | D:7      | Killed a purple ugly thing
  6629 | D:7      | HP: 1/74 [vampire/staff of cold (10)]
  6641 | D:7      | HP: 1/74 [something (8)]
  6641 | D:7      | Slain by a vampire

Illustrated notes

Levels and vault maps discovered:
D:1:      psy_arrival_basics, layout_basic, serial_shops,
          nicolae_shop_tiny_glass
D:2:      layout_loops_ring, serial_shops, shop, serial_bayou_pond_d
D:3:      layout_rooms, uniq_ijyb
D:4:      layout_gridville, grunt_ashenzari_visionary
          [grunt_ashenzari_visionary_shoals, grunt_ashenzari_visionary_snake],
          lemuel_doored_altar, minmay_temple_entry_large_hall, serial_shops,
          nicolae_shop_tiny_real_fake_doors, uniq_pikel
D:5:      layout_cave_pools, nicolae_vehumet_altar_sigil, portal_sewer_entry_c
D:6:      layout_basic, okawaru_altar_gauntlet_db, kennysheep_little_box,
          mainiacjoe_overflow_24_doors, chequers_serial_rivers_micro_e
D:7:      minmay_the_grid_square_5x5_3x3 [minmay_the_grid_square_5x5_v,
          minmay_the_grid_square_5x5_tetrominoes,
          minmay_the_grid_square_5x5_plus, minmay_the_grid_square_5x5_comb,
          minmay_the_grid_square_5x5_megaprize_crossed,
          minmay_the_grid_square_5x5_hollow_slash,
          minmay_the_grid_square_5x5_inner_z,
          minmay_the_grid_square_5x5_checkered_statues,
          minmay_the_grid_square_5x5_gyroscope], layout_loops_corners,
          chequers_temple_overflow_statue_of_worship, minmay_misc_feat_roman
Temple:   hellmonk_temple_beads

Skill      XL: |  1  2  3  4  5  6  7  8  9 10 |
---------------+-------------------------------+-----
Invocations    | 1 2 3 4 5 |  5.9
Fighting       | 1 2 3 5 |  5.4
Long Blades    | 1 2 3 5 |  5.4
Axes           | 1 2 3 5 |  5.4
Maces & Flails | 1 2 3 5 |  5.4
Polearms       | 1 2 3 5 |  5.4
Staves         | 1 2 3 5 |  5.4
Ranged Weapons | 1 2 3 5 |  5.4
Stealth        | 1 2 3 5 |  5.4
Shields        | 1 2 3 5 |  5.4
Unarmed Combat | 1 2 3 5 |  5.4
Spellcasting   | 1 2 3 5 |  5.4
Evocations     | 1 2 3 5 |  5.4
Conjurations   | 1 2 3 4 |  4.4
Hexes          | 1 2 3 4 |  4.4
Summonings     | 1 2 3 4 |  4.4
Necromancy     | 1 2 3 4 |  4.4
Translocations | 1 2 3 4 |  4.4
Transmutations | 1 2 3 4 |  4.4
Fire Magic     | 1 2 3 4 |  4.4
Ice Magic      | 1 2 3 4 |  4.4
Air Magic      | 1 2 3 4 |  4.4
Earth Magic    | 1 2 3 4 |  4.4
Poison Magic   | 1 2 3 4 |  4.4
Armour         | 3 4 5 6 |  6.0
Throwing       | 5 6 7 |  7.1
Short Blades   | 7 8 |  8.6
Dodging        | 9 10 | 10.1

Action                     |  1- 3 |  4- 6 |  7- 9 | 10-12 || total
---------------------------+-------+-------+-------+-------++-------
  Melee: Short sword       |    74 |   154 |       |       ||   228
         Bite              |     8 |    21 |    66 |    13 ||   108
         Punch             |     1 |     6 |    15 |     2 ||    24
         Dagger            |       |    74 |   450 |    75 ||   599
         Trident           |       |       |    16 |     3 ||    19
  Throw: Throwing net      |       |     3 |     3 |       ||     6
   Cast: Frozen Ramparts   |       |       |       |     3 ||     3
  Evoke: Wand              |       |     6 |     4 |    13 ||    23
    Use: Potion            |       |     1 |     2 |     2 ||     5
         Scroll            |       |    11 |    14 |       ||    25
   Stab: Sleeping          |     1 |     3 |    11 |       ||    15
         Held in net/web   |       |     2 |       |       ||     2
         Distracted        |       |       |     2 |     1 ||     3
 Armour: Leather armour    |    16 |    39 |    67 |    10 ||   132
  Dodge: Dodged            |    39 |   138 |   245 |    44 ||   466
